 Dungeon Crawl Stone Soup version 0.31-a0-177-g4aa6249778 (webtiles) character file.

Game seed: 595114784885360806

421 qw the Chopper (level 6, -1/39 HPs)
             Began as a Gargoyle Fighter on June 18, 2023.
             Slain by Pikel
             ... wielding a +2 whip of flaming
              (4 damage)
             ... on level 5 of the Dungeon.
             The game lasted 00:01:25 (3084 turns).

qw the Chopper (Gargoyle Fighter)                   Turns: 3084, Time: 00:01:26

Health: -1/39      AC: 18    Str: 21    XL:     6   Next: 94%
Magic:  6/6        EV:  5    Int:  9    God:
Gold:   179        SH:  4    Dex:  9    Spells: 5/5 levels left

rFire   . . .        Y - +1 war axe
rCold   . . .        c - +0 buckler
rNeg    + . .        k - +0 plate armour
rPois   inf          b - +1 hat
rElec   +            (no cloak)
rCorr   .            (no gloves)
SInv    .            l - +0 pair of boots
Will    .....        (no amulet) Stlth
                     (no ring)
HPRegen 0.26/turn    (no ring)
MPRegen 0.10/turn

%: no passive effects
@: no status effects
A: sickness immunity, AC +4, negative energy resistance 1, electricity
resistance, torment resistance 1, petrification resistance
a: no special abilities


You were on level 5 of the Dungeon.
You visited 1 branch of the dungeon, and saw 5 of its levels.

You collected 179 gold pieces.


Innate Abilities, Weirdness & Mutations

You are immune to sickness and miasma.
Your stone body is resilient. (AC +4)
You are immune to poison.
You resist negative energy. (rN+)
You are resistant to electric shocks. (rElec)
You are resistant to unholy torment.
You are immune to petrification.


   Skills:
 - Level 4.4 Fighting
 - Level 6.0 Axes
 + Level 3.4 Armour
 - Level 3.2 Shields


You had 5 spell levels left.
You didn't know any spells.
Your spell library was empty.

Inventory:

Hand Weapons
 j - the +4 mace of Gueleqi {elec, rN+ Dex+6}
   (You found it on level 2 of the Dungeon)

   Dex:       It affects your dexterity (+6).
   rN:        It protects you from negative energy.
 Y - a +1 war axe (weapon)
Armour
 b - a +1 hat (worn)
 c - a +0 buckler (worn)
 k - a +0 plate armour (worn)
 l - a +0 pair of boots (worn)
Scrolls
 n - a scroll of identify
Potions
 a - 2 potions of heal wounds {unknown}
 d - a potion of might
 e - a potion of attraction {unknown}
 f - a potion of mutation {unknown}
 g - 3 potions of curing
 h - a potion of cancellation {unknown}
 i - a potion of lignification {unknown}
 r - a potion of resistance {unknown}

Dungeon Overview and Level Annotations

Branches:
Dungeon (5/15)
 Temple: D:4-7

Altars:
Gozag
Ru
Vehumet
Zin

Annotations:
D:5 Pikel


Message History

The lemure hits you.
You slash the lemure!
The lemure is heavily wounded.
You closely miss Pikel.
Pikel hits you with a +2 whip of flaming.
Pikel burns you. You block the lemure's attack.
You hit the lemure but do no damage.
The lemure is heavily wounded.
You closely miss Pikel. The lemure completely misses you.
Pikel barely misses you. The lemure completely misses you.
Pikel hits you with a +2 whip of flaming.
Pikel burns you.
You hit the lemure.
The lemure is heavily wounded.
You hit Pikel. The lemure hits you but does no damage.
Pikel hits you with a +2 whip of flaming.
Pikel burns you.
You slash the lemure!
You kill the lemure!
That felt strangely unrewarding.
You slash Pikel! Pikel hits you but does no damage.
You slash Pikel!
Pikel is heavily wounded.
You hit the lemure.
Pikel hits you with a +2 whip of flaming.
Pikel burns you. The lemure hits you but does no damage.
You hit Pikel.
Pikel is heavily wounded.
You hit the lemure.
Pikel hits you with a +2 whip of flaming.
Pikel burns you. You block the lemure's attack.
Pikel hits you with a +2 whip of flaming.
Pikel burns you. The lemure barely misses you.
You slash Pikel!
Pikel is severely wounded.
You hit the lemure.
Pikel hits you with a +2 whip of flaming.
You die...

#. #)# #.#
#.####.###.# ##
####..).......# ###.
.(............. ...
####....#.(..# #..
#...#..##.... #.5
#.#...## ##.#
#####.K#####.##.##
.#
#....55@........####
.
#.###.#####.#......#
# ##.#####.# #.# #
#.# #.# #.# #.# .>#


You could see Pikel and 3 lemures.

Vanquished Creatures
  2 ogres (D:5)
  An ice beast (D:5)
  A lemure (D:5)
  A jelly (D:4)
  Ijyb (D:3)
  2 adders
  4 gnolls (D:3)
  A white imp (D:5)
  An ufetubus (D:5)
  A worm (D:2)
  2 orcs
  4 ball pythons
  4 bats
  4 endoplasms
  2 goblins
  A hobgoblin (D:3)
  3 jackals (D:1)
  2 quokkas
  4 frilled lizards
  3 kobolds
  4 rats (D:1)
48 creatures vanquished.

Notes
Turn   | Place    | Note
-------+----------+-------------------------------------------
     0 | D:1      | qw the Gargoyle Fighter began the quest for the Orb.
     0 | D:1      | Reached XP level 1. HP: 14/14 MP: 1/1
     0 | D:1      | 0 ||| qw: Version: 0.3-a-7-ge0c9b40
     0 | D:1      | 0 ||| qw: Game counter: 793
     0 | D:1      | 0 ||| qw: Always use a shield: true
     0 | D:1      | 0 ||| qw: God list: Okawaru
     0 | D:1      | 0 ||| qw: Allow faded altars: false
     0 | D:1      | 0 ||| qw: Do Orc after D:15 true
     0 | D:1      | 0 ||| qw: Do second Lair branch before Depths: true
     0 | D:1      | 0 ||| qw: Lair rune preference: random
     0 | D:1      | 0 ||| qw: Plans: Normal, Zot:1-4, Slime:5, God:TSO, Crypt,
                  | Tomb, Abyss, Pan, Hells, Win
     0 | D:1      | 0 ||| PLANNING D:1-11
    52 | D:1      | Reached skill level 2 in Axes
   145 | D:1      | Reached XP level 2. HP: 19/19 MP: 2/2
   331 | D:1      | 331 ||| Stepping ~*~*~tactically~*~*~ (stealth).
   545 | D:1      | 545 ||| Stepping ~*~*~tactically~*~*~ (hiding).
   723 | D:1      | 723 ||| UPGRADING to +0 chain mail.
   733 | D:1      | 733 ||| DROPPING +0 scale mail.
   734 | D:1      | 734 ||| READING scroll labelled IKHLOT VIPNODU.
   735 | D:1      | 735 ||| READING scroll labelled XYANGIAPOE.
   736 | D:1      | 736 ||| READING 3 scrolls labelled GULIKHL SOWEREISH.
   737 | D:1      | 737 ||| DROPPING 2 scrolls of vulnerability.
   768 | D:2      | Reached skill level 3 in Axes
   987 | D:2      | Reached XP level 3. HP: 23/23 MP: 3/3
  1023 | D:2      | Identified the +4 mace of Gueleqi {elec, rN+ Dex+6}
  1025 | D:2      | 1025 ||| DROPPING +0 club.
  1058 | D:2      | Found a radiant altar of Vehumet.
  1265 | D:2      | Found a faded altar of an unknown god.
  1496 | D:2      | 1496 ||| UPGRADING to +1 hat.
  1501 | D:2      | 1501 ||| UPGRADING to +0 plate armour.
  1511 | D:2      | 1511 ||| DROPPING +0 chain mail.
  1512 | D:2      | 1512 ||| READING scroll labelled ACWAC YH YSTI.
  1513 | D:2      | 1513 ||| READING scroll labelled PUNACK CESTITZ.
  1598 | D:3      | HP: 3/23 [gnoll/+0 spear (5)]
  1600 | D:3      | Reached XP level 4. HP: 4/28 MP: 4/4
  1606 | D:3      | Reached skill level 4 in Axes
  1722 | D:3      | Found a glowing silver altar of Zin.
  1753 | D:3      | Noticed Ijyb
  1754 | D:3      | 1754 ||| Stepping ~*~*~tactically~*~*~ (hiding).
  1793 | D:3      | Killed Ijyb
  1912 | D:3      | Found an opulent altar of Gozag.
  2025 | D:3      | Found a sacrificial altar of Ru.
  2204 | D:3      | 2204 ||| UPGRADING to +0 pair of boots.
  2209 | D:3      | 2209 ||| READING scroll labelled PESITUEXERGH.
  2210 | D:3      | 2210 ||| DRINKING 2 murky coppery potions.
  2211 | D:3      | 2211 ||| DROPPING potion of brilliance.
  2362 | D:4      | Reached XP level 5. HP: 18/32 MP: 5/5
  2721 | D:4      | Found a radiant altar of Vehumet.
  2769 | D:4      | 2769 ||| DROPPING ring of wizardry.
  2770 | D:4      | 2770 ||| READING scroll labelled ITHUYG UNUOCK.
  2771 | D:4      | 2771 ||| READING scroll labelled PEOHOIMPOFY.
  2772 | D:4      | 2772 ||| READING scroll labelled VIYNIOMM BUDE.
  2773 | D:4      | 2773 ||| READING scroll labelled FIZIAF JESTRECWA.
  2794 | D:5      | Entered Level 5 of the Dungeon
  2811 | D:5      | Noticed an ogre
  2812 | D:5      | 2812 ||| Stepping ~*~*~tactically~*~*~ (hiding).
  2815 | D:5      | 2815 ||| Stepping ~*~*~tactically~*~*~ (hiding).
  2820 | D:5      | Killed an ogre
  2821 | D:5      | Reached skill level 5 in Axes
  2821 | D:5      | Reached XP level 6. HP: 34/37 MP: 6/6
  2854 | D:5      | Noticed an ice beast
  2855 | D:5      | 2855 ||| Stepping ~*~*~tactically~*~*~ (stealth).
  2868 | D:5      | Killed an ice beast
  2901 | D:5      | HP: 2/39 [ogre/+0 giant club (11)]
  2904 | D:5      | Reached skill level 6 in Axes
  2912 | D:5      | HP: 5/39 [adder (1)]
  3073 | D:5      | Noticed Pikel
  3082 | D:5      | HP: 9/39 [Pikel/+2 whip of flaming (2)]
  3083 | D:5      | HP: 3/39 [Pikel/+2 whip of flaming (4)]
  3084 | D:5      | Slain by Pikel

Levels and vault maps discovered:
D:1:      matt_arrival_diagonals, layout_loops_ring
D:2:      layout_basic, basic_altar, shapermc_ecumenical_altar_mp_urbaneastern,
          serial_bayou_lake_a
D:3:      layout_rooms, mainiacjoe_overflow_24_doors,
          nicolae_gozag_seed_capital, mainiacjoe_overflow_alcove_1, uniq_ijyb
D:4:      layout_cave_pools, nicolae_vehumet_altar_sigil
D:5:      layout_loops_ring, dancing_weapons_uskayaw, serial_bayou_lagoon_a,
          uniq_pikel

Skill      XL: |  1  2  3  4  5  6 |
---------------+-------------------+-----
Axes           | 2 3 4 5 6 |  6.0
Fighting       | 4 |  4.4
Armour         | |  3.4
Shields        | |  3.2

Action                     |  1- 3 |  4- 6 || total
---------------------------+-------+-------++-------
  Melee: War axe           |    99 |   107 ||   206
    Use: Scroll            |     5 |     5 ||    10
         Potion            |       |     1 ||     1
 Armour: Scale mail        |    29 |       ||    29
         Chain mail        |     4 |       ||     4
         Plate armour      |    27 |    77 ||   104
  Dodge: Dodged            |    42 |    31 ||    73
  Block: Buckler           |    13 |    14 ||    27

Table legend:
 A = Non-vault XP
 B = Vault XP
 C = Vault XP percentage of total XP
 D = Non-vault monster count
 E = Vault monster count
 F = Vault count percentage of total count
                 A         B        C        D         E       F
            +---------+---------+-------+---------+---------+-------
      Total |     566 |      36 |   6.0 |      46 |       1 |   2.1
            +---------+---------+-------+---------+---------+-------
        D:1 |      28 |       0 |   0.0 |      19 |       0 |   0.0
        D:2 |      14 |       0 |   0.0 |       6 |       0 |   0.0
        D:3 |      66 |      36 |  35.3 |       9 |       1 |  10.0
        D:4 |      64 |       0 |   0.0 |       6 |       0 |   0.0
        D:5 |     394 |       0 |   0.0 |       6 |       0 |   0.0
            +---------+---------+-------+---------+---------+-------
